 Dungeon Crawl Stone Soup version 0.17.1-3-g152610e (webtiles) character file.

89 Heskey the Skirmisher (level 4, -1/78 HPs)
             Began as an Ogre Berserker on Mar 24, 2016.
             Was a Follower of Trog.
             Slain by Sigmund
             ... wielding a +0 scythe of flaming
              (14 damage)
             ... on level 3 of the Dungeon.
             The game lasted 00:05:51 (2120 turns).

Heskey the Skirmisher (Ogre Berserker)              Turns: 2120, Time: 00:05:51

Health: -1/78      AC:  3    Str: 28    XL:     4   Next: 55%
Magic:  4/4        EV: 10    Int:  6    God:    Trog [*.....]
Gold:   184        SH:  0    Dex:  9    Spells: 0 memorised, 3 levels left

rFire  . . .     SeeInvis .     a - +1 mace
rCold  . . .     Clarity  .     b - +0 animal skin
rNeg   . . .     SustAt   .     (no shield)
rPois  .         Gourm    .     (helmet restricted)
rElec  .         Spirit   .     (no cloak)
rCorr  .         Warding  .     (gloves unavailable)
rMut   .         Stasis   .     (boots unavailable)
MR     .....                    e - amulet of regeneration
Stlth  ..........               (no ring)
                                (no ring)

@: confused, berserking, very slightly contaminated, very quick, not resistant
to hostile enchantments, extremely unstealthy
A: unfitting armour, tough skin 1
a: Berserk, Burn Spellbooks, Renounce Religion


You were on level 3 of the Dungeon.
You worshipped Trog.
Trog was aware of your devotion.
You were very hungry.

You visited 1 branch of the dungeon, and saw 3 of its levels.

You collected 184 gold pieces.

Inventory:

Hand Weapons
 a - a +1 mace (weapon)
Armour
 b - a +0 animal skin (worn)
Jewellery
 e - an amulet of regeneration (around neck)
 g - an uncursed amulet of faith
Wands
 o - a wand of paralysis (7)
Scrolls
 d - a scroll of remove curse
 h - a scroll of recharging
 k - a scroll of amnesia
 n - a scroll of identify
Potions
 f - 2 potions of curing
 j - a potion of lignification
Comestibles
 c - 6 bread rations
 i - 2 meat rations
 m - 3 chunks of flesh


   Skills:
 * Level 5.8 Fighting
 + Level 4.9 Maces & Flails
 + Level 3.1 Dodging


You had 3 spell levels left.
You didn't know any spells.

Dungeon Overview and Level Annotations

Branches:
Dungeon (3/15)

Altars:
Vehumet
The Shining One

Annotations:
D:3 Sigmund


Innate Abilities, Weirdness & Mutations

You are too large for most types of armour.
You have tough skin (AC +1).


Message History

You hit something. Something hits you.
* * * LOW HITPOINT WARNING * * *
Something burns you.
* * * LOW HITPOINT WARNING * * *
You miss something. You barely miss something. Something hits you!
* * * LOW HITPOINT WARNING * * *
Something burns you.
* * * LOW HITPOINT WARNING * * *
You sock something! You completely miss something.
Something completely misses you.
You miss something.
You are too injured to fight recklessly!
You are too injured to fight recklessly!
You are too injured to fight recklessly!
You barely miss something.
You hear some strange, mumbled words.
You are confused.
You miss something. Something hits you!
You die...

............#####....##
........(...........##
............#..#?..##
...?..............##
...........#...#..#######
..........###.###.#.....#
..>....#...#...#..#.....#
#..#####....._...†......##
..#......@{#..(#........##
.........###.###.#.......
.......<..#...#.)#...[.##
.................#.....##
.........##.###..........
............# ###......##
.........#### ###.#.####
..........#####.....#
................#####


There were no monsters in sight!

Vanquished Creatures
  4 adders
  An ooze (D:1)
  2 worms (D:2)
  2 giant geckos (D:1)
  A giant cockroach (D:2)
  5 goblins
  7 hobgoblins
  2 quokkas (D:2)
  6 bats
  2 giant newts
  7 kobolds
  7 rats
46 creatures vanquished.

Notes
Turn   | Place    | Note
--------------------------------------------------------------
     0 | D:1      | Heskey the Ogre Berserker began the quest for the Orb.
     0 | D:1      | Reached XP level 1. HP: 24/24 MP: 1/1
   167 | D:1      | Reached XP level 2. HP: 14/32 MP: 2/2
   888 | D:1      | Reached skill level 5 in Fighting
   937 | D:2      | Reached XP level 3. HP: 42/42 MP: 3/3
   949 | D:2      | Found a glowing golden altar of the Shining One.
   980 | D:2      | Reached ** piety under Trog
  1584 | D:2      | Reached XP level 4. HP: 42/50 MP: 4/4
  1754 | D:3      | Found a radiant altar of Vehumet.
  1931 | D:3      | Noticed Sigmund
  2120 | D:3      | Slain by Sigmund

Action                   |  1- 3 |  4- 6 || total
-------------------------+-------+-------++-------
Melee: Mace              |   112 |    40 ||   152
Invok: Berserk           |       |     1 ||     1
Evoke: Wand              |       |     2 ||     2
  Use: Scroll            |     7 |     2 ||     9
       Potion            |       |     2 ||     2
  Eat: Chunk             |     2 |       ||     2
       Royal jelly       |       |     1 ||     1
